 Dungeon Crawl Stone Soup version 0.26.1-11-gd32895ea62 (webtiles) character file.

Game seed: 14772811924944350618

1281 Zeld the Shield-Bearer (level 8, 0/54 HPs)
             Began as an Octopode Fighter on May 21, 2021.
             Was an Initiate of Okawaru.
             Killed from afar by Maggie (30 damage)
             ... with a bolt of fire
             ... on level 6 of the Dungeon.
             The game lasted 00:23:24 (9626 turns).

Zeld the Shield-Bearer (Octopode Fighter)           Turns: 9626, Time: 00:23:25

Health: 0/54       AC:  1    Str: 18    XL:     8   Next: 54%
Magic:  10/10      EV: 12    Int: 10    God:    Okawaru [......]
Gold:   87         SH: 13    Dex: 11    Spells: 10/10 levels left

rFire    . . .     SeeInvis .   a - +1 long sword
rCold    . . .     Faith    .   b - +3 kite shield
rNeg     . . .     Spirit   .   (helmet restricted)
rPois    .         Reflect  .   (no amulet)
rElec    .         Harm     .   (no ring)
rCorr    .         Rampage  .   (no ring)
Will     .....                  (no ring)
Stlth    ++........             (no ring)
HPRegen  0.18/turn              (no ring)
MPRegen  0.12/turn              (no ring)
                                (no ring)
                                (no ring)

@: no status effects
A: almost no armour, stealthy swim, amphibious, 8 rings, constrict 8, camouflage
1, gelatinous body 1
a: Renounce Religion


You were on level 6 of the Dungeon.
You worshipped Okawaru.
Okawaru was noncommittal.
You visited 1 branch of the dungeon, and saw 6 of its levels.

You collected 262 gold pieces.
You spent 175 gold pieces at shops.

Inventory:

Hand Weapons
 a - a +1 long sword (weapon)
Missiles
 q - 5 boomerangs (quivered)
Armour
 b - a +3 kite shield (worn)
Wands
 h - a wand of acid (4)
 o - a wand of disintegration (15)
Scrolls
 g - 3 scrolls of teleportation
 k - a scroll of magic mapping
 l - 6 scrolls of remove curse
 r - a scroll of fear
Potions
 c - a potion of might
 d - a potion of flight
 e - 4 potions of curing
 f - a potion of degeneration {unknown}
 j - 2 potions of lignification {unknown}
 m - 3 potions of mutation {unknown}


   Skills:
 - Level 4.3 Fighting
 * Level 6.4 Long Blades
 - Level 3.0 Dodging
 * Level 7.0 Shields
 - Level 1.9 Spellcasting
 - Level 2.4 Evocations


You had 10 spell levels left.
You didn't know any spells.
Your spell library was empty.

Dungeon Overview and Level Annotations

Branches:
Dungeon (6/15)             Temple (0/1) D:6

Altars:
Ashenzari
Cheibriados
Hepliaklqana
Kikubaaqudgha
Nemelex Xobeh
Okawaru
Ru
Trog
Vehumet
Xom
The Shining One

Shops:
D:6 *:((

Annotations:
D:6 Edmund, Maggie


Innate Abilities, Weirdness & Mutations

You cannot wear most types of armour.
You are very stealthy in the water. (Stealth+)
You are amphibious.
You can wear up to eight rings at the same time.
You can use your tentacles to constrict eight enemies at once.
Your skin changes colour to match your surroundings (Stealth+).
Your rubbery body absorbs attacks. (AC +1, EV +1)


Message History

Your Shields skill increases to level 7!
You barely miss Edmund. Your grab misses Edmund. You block Edmund's attack.
The wight hits you from afar with a +2 spear of freezing.
The wight freezes you.
You slash Edmund! You grab Edmund.
Edmund is moderately wounded.
You constrict Edmund, but do no damage.
Edmund hits you with a +0 vorpal dire flail.
The wight hits you from afar with a +2 spear of freezing.
The wight freezes you.
You are too injured to fight recklessly!
You release your grip on Edmund.
Edmund says, "People think my brother is the best.
I think he's crazy."
You see here 15 arrows.
Maggie shouts!
Edmund says, "People think my brother is the best.
I think he's crazy."
Maggie gestures at you while chanting. The bolt of fire hits you!!
Ouch! That really hurt!
You die...

#..# .# #o8# z# #o.# #
#.∩# # # #o.# #.# #.<#
#.# #.z# ### #..
#@8#####.#.########
#.@.@....#.........
####..#######.########
#.....................
#.............########
#############.# # ###
#


You could see Maggie, Edmund, a wight and 3 orcs.

Vanquished Creatures
  Sigmund (D:2)
  An ogre (D:6)
  A centaur (D:5)
  2 bullfrogs
  2 scorpions
  A howler monkey (D:5)
  A hound (D:5)
  2 bullfrog skeletons
  A centaur skeleton (D:6)
  Ijyb (D:3)
  6 worker ants
  5 orc wizards
  A hound zombie (D:6)
  11 adders
  A white imp (D:6)
  2 oozes
  5 worms
  3 dart slugs
  4 leopard geckos
  13 orcs
  5 giant cockroaches
  5 goblins
  3 hobgoblins
  10 jackals
  A quokka (D:5)
  2 ball pythons
  A ball python skeleton (D:4)
  8 bats
  8 frilled lizards
  A jackal skeleton (D:5)
  5 kobolds
  10 rats
123 creatures vanquished.

Vanquished Creatures (others)
  A fungus (D:3)
1 creature vanquished.

Grand Total: 124 creatures vanquished

Notes
Turn   | Place    | Note
-------+----------+-------------------------------------------
     0 | D:1      | Zeld the Octopode Fighter began the quest for the Orb.
     0 | D:1      | Reached XP level 1. HP: 16/16 MP: 1/1
     6 | D:1      | Noticed a snapping turtle
     6 | D:1      | Noticed a killer bee
     6 | D:1      | Noticed a black bear
     6 | D:1      | Noticed an anaconda
   418 | D:1      | Reached XP level 2. HP: 18/21 MP: 2/2
  1404 | D:1      | Reached XP level 3. HP: 26/26 MP: 3/3
  1869 | D:2      | Found an ancient bone altar of Kikubaaqudgha.
  1869 | D:2      | Found a hazy altar of Hepliaklqana.
  1919 | D:2      | Reached skill level 1 in Spellcasting
  1945 | D:2      | Reached XP level 4. HP: 29/31 MP: 5/5
  2719 | D:2      | Noticed Sigmund
  2726 | D:2      | Killed Sigmund
  2727 | D:2      | Reached skill level 4 in Shields
  2727 | D:2      | Reached XP level 5. HP: 21/37 MP: 5/7
  2727 | D:2      | Reached XP level 6. HP: 24/43 MP: 5/8
  3914 | D:3      | Noticed Ijyb
  3924 | D:3      | Killed Ijyb
  4329 | D:3      | Reached skill level 1 in Evocations
  4375 | D:3      | Reached skill level 5 in Shields
  4392 | D:3      | Found a broken altar of Ashenzari.
  4510 | D:3      | Found a sacrificial altar of Ru.
  5070 | D:4      | Reached XP level 7. HP: 48/48 MP: 9/9
  6580 | D:5      | Entered Level 5 of the Dungeon
  6620 | D:5      | Found a bloodstained altar of Trog.
  6622 | D:5      | Found a sacrificial altar of Ru.
  6643 | D:5      | Reached skill level 5 in Long Blades
  6804 | D:5      | Found a white marble altar of Elyvilon.
  6806 | D:5      | Found an opulent altar of Gozag.
  6806 | D:5      | Found a glowing silver altar of Zin.
  6808 | D:5      | Found a shadowy altar of Dithmenos.
  6808 | D:5      | Found a shimmering altar of Xom.
  6808 | D:5      | Found a snail-covered altar of Cheibriados.
  6968 | D:5      | Reached XP level 8. HP: 51/54 MP: 10/10
  7114 | D:5      | Reached skill level 6 in Shields
  7117 | D:5      | Found an iron altar of Okawaru.
  7129 | D:5      | Found a radiant altar of Vehumet.
  7135 | D:5      | Became a worshipper of Warmaster Okawaru
  7217 | D:5      | Found a glowing golden altar of the Shining One.
  7560 | D:5      | Found a snail-covered altar of Cheibriados.
  8002 | D:6      | Noticed Maggie
  8003 | D:6      | Found Ocuushud's Book Shoppe.
  8313 | D:6      | HP: 2/54 [orc warrior/+0 flail (20)]
  8803 | D:6      | Found Zoisaor's Antique Weapon Emporium.
  8851 | D:6      | Found a staircase to the Ecumenical Temple.
  9085 | D:6      | Found Yposecing's Weapon Shop.
  9187 | D:6      | Found a sparkling altar of Nemelex Xobeh.
  9561 | D:6      | Found Ylo Xoy's General Store.
  9582 | D:6      | Bought a potion of curing for 42 gold pieces
  9582 | D:6      | Bought a scroll of enchant armour for 105 gold pieces
  9582 | D:6      | Bought a scroll of identify for 28 gold pieces
  9599 | D:6      | Noticed Edmund
  9610 | D:6      | Reached skill level 7 in Shields
  9626 | D:6      | Killed from afar by Maggie

Illustrated notes

Levels and vault maps discovered:
D:1:      onia_arrival_zoo_common, layout_rooms
D:2:      layout_loops_cross, gammafunk_temple_overflow_statue,
          kennysheep_generic_room_5, uniq_sigmund
D:3:      layout_loops_ring, lemuel_coloured_pillars_altar,
          chequers_serial_rivers_micro_c, nicolae_ru_the_path_less_chosen,
          uniq_ijyb
D:4:      layout_loops_ring
D:5:      layout_loops_cross, nicolae_overflow_hidden_temple, tso_altar,
          doesnt_xom_only_xom, chequers_temple_overflow_statue_of_worship
D:6:      layout_basic, kennysheep_mini_moat, minmay_temple_entry_butterflies,
          serial_shops, nicolae_shop_stone, shop, shop_fountains, shop_statue,
          shop, kennysheep_donut, uniq_maggie, uniq_edmund

Skill      XL: |  1  2  3  4  5  6  7  8 |
---------------+-------------------------+-----
Spellcasting   | 1 |  1.9
Long Blades    | 3 4 5 6 |  6.4
Shields        | 4 5 7 |  7.0
Fighting       | 4 |  4.3
Evocations     | 1 2 |  2.4
Dodging        | |  3.0

Action                   |  1- 3 |  4- 6 |  7- 9 || total
-------------------------+-------+-------+-------++-------
Melee: Long sword        |    52 |    98 |   111 ||   261
       Constrict         |    15 |    30 |    30 ||    75
       Tentacles         |     9 |    30 |    24 ||    63
  Use: Scroll            |       |     9 |     8 ||    17
 Stab: Sleeping          |     5 |     8 |     6 ||    19
Armor: Skin              |    12 |     4 |     1 ||    17
Dodge: Dodged            |    20 |    51 |    36 ||   107
Block: Kite shield       |    21 |    49 |    45 ||   115
       Rpst.: Long sword |     6 |    24 |    11 ||    41
